 Dungeon Crawl Stone Soup version 0.21-a0-529-g8c7b3f5 (webtiles) character file.

28 rgaf the Caller (level 3, 0/19 HPs)
             Began as a Tengu Summoner on Dec 10, 2017.
             Slain by an adder (2 damage)
             ... on level 2 of the Dungeon.
             The game lasted 00:02:23 (1528 turns).

rgaf the Caller (Tengu Summoner)                    Turns: 1528, Time: 00:02:24

Health: 0/19       AC:  3    Str:  8    XL:     3   Next: 12%
Magic:  1/6        EV: 12    Int: 19    God:
Gold:   82         SH:  0    Dex: 14    Spells: 3/6 levels left

rFire    . . .     SeeInvis .   e - +0 short sword
rCold    . . .     Gourm    .   (no shield)
rNeg     . . .     Faith    .   a - +0 robe
rPois    .         Spirit   .   (helmet restricted)
rElec    .         Reflect  .   (no cloak)
rCorr    .         Harm     .   d - +0 pair of gloves
MR       .....                  (boots unavailable)
Stlth    ++........             (no amulet)
HPRegen  0.46/turn              (no ring)
MPRegen  0.10/turn              (no ring)

@: brilliant, lethally poisoned (0 -> 0), very slightly contaminated
A: beak, talons 3, dopey 1, low mp 1, regeneration 1
a: no special abilities


You were on level 2 of the Dungeon.
You were hungry.

You visited 1 branch of the dungeon, and saw 2 of its levels.

You collected 82 gold pieces.

Inventory:

Hand Weapons
 e - a +0 short sword (weapon)
 m - a +2 antimagic dagger
Armour
 a - a +0 robe (worn)
 d - a +0 pair of gloves (worn)
Scrolls
 h - a scroll of immolation {unknown}
 j - a scroll of enchant weapon {unknown}
 o - a scroll of blinking {unknown}
 p - a scroll of identify {unknown}
Books
 b - a book of Callings

   Spells                             Type                      Level
   a - Summon Small Mammal            Summoning                    1
   b - Call Imp                       Summoning                    2
   c - Call Canine Familiar           Summoning                    3
   d - Summon Guardian Golem          Hexes/Summoning              3
   e - Summon Lightning Spire         Summoning/Air                4
   f - Summon Ice Beast               Ice/Summoning                4
Comestibles
 c - a bread ration
 g - a meat ration
 l - 2 royal jellies


   Skills:
 - Level 2.1 Dodging
 - Level 2.0 Stealth
 + Level 2.4 Spellcasting
 * Level 5.7 Summonings


You had 3 spell levels left.
You knew the following spells:

 Your Spells              Type           Power        Failure   Level  Hunger
a - Summon Small Mammal   Summ           ####         1%          1    #......
b - Call Imp              Summ           #####...     1%          2    ##.....


Dungeon Overview and Level Annotations

Branches:
Dungeon (2/15)

Altars:
Elyvilon


Innate Abilities, Weirdness & Mutations

You have a beak for a mouth.
You have claws for feet.
You are dopey. (Int -2)
Your magical capacity is low. (-10% MP)
Your natural rate of healing is unusually fast.


Message History

Unknown command.
It was a potion of brilliance.
You feel clever all of a sudden. The adder barely misses you.
Your shadow imp closely misses the adder.
The adder barely misses you.
It was a potion of mutation.
You feel extremely strange.
You feel less energetic.
You feel stupid.
You begin to heal more quickly.
The adder bites you but does no damage.
Your shadow imp barely misses the adder.
Your shadow imp disappears in a puff of smoke!
The bat closely misses you.
Found a stone staircase leading up.
* * * LOW HITPOINT WARNING * * *
You feel sick.
Casting: Call Imp
Confirm with . or Enter, or press ? or * to list all spells.
A beastly little devil appears in a puff of frigid air.
The adder closely misses you. The adder bites you.
You die...

.#.#.#.#.......
+..).. .......
...............
#.#+##.......
.....####......
#$...<.......
.....# ......
#....#.......
#....# ..####
#...........#
##...#
#5#..##.....#
..... #.#..#
......
#######.#..#
......
#....@S$#..#
.....
#...###5#...
...## #..
.b#.... #.
....... + .....
...... ......<.
..#...


You could see an adder and a friendly white imp.

Vanquished Creatures
  A dart slug (D:1)
  A giant cockroach (D:1)
  A goblin (D:1)
  A hobgoblin (D:2)
  2 jackals (D:2)
  A bat (D:2)
  2 frilled lizards
  4 kobolds
  3 rats
16 creatures vanquished.

Vanquished Creatures (collateral kills)
  A dart slug (D:1)
  A ball python (D:2)
  A bat (D:1)
  2 giant cockroaches (D:1)
  A goblin (D:1)
  2 hobgoblins
  2 jackals (D:1)
  4 kobolds (D:1)
14 creatures vanquished.

Grand Total: 30 creatures vanquished

Notes
Turn   | Place    | Note
-------+----------+-------------------------------------------
     0 | D:1      | rgaf the Tengu Summoner began the quest for the Orb.
     0 | D:1      | Reached XP level 1. HP: 10/10 MP: 4/4
    75 | D:1      | Reached skill level 5 in Summonings
   200 | D:1      | Reached XP level 2. HP: 13/15 MP: 3/6
   206 | D:1      | Learned a level 2 spell: Call Imp
  1124 | D:2      | Found a white marble altar of Elyvilon.
  1166 | D:2      | Reached XP level 3. HP: 17/19 MP: 1/7
  1525 | D:2      | Gained mutation: Your magical capacity is low. (-10% MP) [potion of mutation]
  1525 | D:2      | Gained mutation: You are dopey. (Int -2) [potion of mutation]
  1525 | D:2      | Gained mutation: Your natural rate of healing is unusually fast. [potion of mutation]
  1528 | D:2      | Slain by an adder

Vault maps used:
D:1:      giann_bridges, st_stairs_7, minmay_misc_feat_hallway, hex_tiny,
          minmay_misc_feat_five, minmay_misc_feat_diagonals
D:2:      lightli_temple_of_fire, overflow_temple_1_default, elyvilon_altar_5,
          first_bread

Skill      XL: |  1 |
---------------+----+-----
Summonings     | 5 |  5.7
Dodging        | |  2.1
Stealth        | |  2.0
Spellcasting   | |  2.4

Action                   || total
-------------------------++-------
Melee: Short sword       ||    39
       Kick              ||    13
       Peck              ||     6
       Unarmed           ||     1
 Cast: Summon Small Mamm ||    10
       Call Imp          ||    25
  Use: Potion            ||     3
  Eat: Chunk             ||     3
Armor: Robe              ||    12
Dodge: Dodged            ||    44

Table legend:
 A = Spawn XP
 B = Non-spawn XP
 C = Spawn XP percentage of total XP
 D = Spawn monster count
 E = Non-spawn monster count
 F = Spawn count percentage of total count
 G = Total turns spent on level
                    A         B        C        D         E        F      G
               +---------+---------+-------+---------+---------+-------+---------
         Total |       0 |      40 |   0.0 |       0 |      30 |   0.0 |  1528
               +---------+---------+-------+---------+---------+-------+---------
           D:1 |       0 |      27 |   0.0 |       0 |      20 |   0.0 |  1355
           D:2 |       0 |      13 |   0.0 |       0 |      10 |   0.0 |   173
               +---------+---------+-------+---------+---------+-------+---------
